Match 41789053
Unlisted

Match 41789053
End
Construct Weapon Support Center
Selects Heavy Weapons
M1919 Machine Gun Team
M1919 Machine Gun Team
Bazooka Squad
Construct Barracks
Selects M2HB .50cal Heavy Machine Gun
Riflemen Squad
Riflemen Squad
Air Support Center
Grenade Package
P-47 Dive Bomb
Selects Assault Carriers
P-47 Strafing Run
Grasshopper Recon Run
P-47 Dive Bomb
M3 Assault Carrier
Bazooka Squad
P-47 Strafing Run
P-47 Dive Bomb
Construct Tank Depot
Selects Exchangeable Parts
M3 Assault Carrier
Bazooka Squad
Improved M9 Bazooka Rockets
P-47 Dive Bomb
Selects Towed M5 3-inch Anti-tank Gun
Towed M5 3-inch Anti-tank Gun
AI Takeover
GoupiL ☮
MrLoser ★
Piroman 28
Fruti2k
Gosling Svodovich
Chertchill
0
0

Comments sign in to comment!

No comments posted yet!